 Dungeon Crawl Stone Soup version 0.23.2-40-g277498a001 (webtiles) character file.

Game seed: 10266092211423455707

147 Martska the Skirmisher (level 5, -6/48 HPs)
             Began as a Hill Orc Fighter on Oct 10, 2019.
             Mangled by an ancient zyme (9 damage)
             ... created by the touch of Lugonu
             ... on level 3 of the Dungeon.
             The game lasted 00:04:24 (1615 turns).

Martska the Skirmisher (Hill Orc Fighter)           Turns: 1615, Time: 00:04:24

Health: -6/48      AC: 11    Str: 20    XL:     5   Next: 29%
Magic:  5/5        EV:  3    Int:  8    God:
Gold:   89         SH:  9    Dex: 10    Spells: 4/4 levels left

rFire    . . .     SeeInvis .   a - +0 war axe
rCold    . . .     Gourm    .   c - +0 shield
rNeg     . . .     Faith    .   k - +0 plate armour
rPois    .         Spirit   .   (no helmet)
rElec    .         Reflect  .   e - scarf {repulsion}
rCorr    .         Harm     .   (no gloves)
MR       .....                  (no boots)
Stlth    ..........             (no amulet)
HPRegen  0.00/turn              (no ring)
MPRegen  0.09/turn              (no ring)

@: non-regenerating, badly diseased, repel missiles
A: no striking features
a: no special abilities


You were on level 3 of the Dungeon.
You were hungry.

You visited 1 branch of the dungeon, and saw 3 of its levels.

You collected 89 gold pieces.

Inventory:

Hand Weapons
 a - a +0 war axe (weapon)
Armour
 b - a +0 scale mail
 c - a +0 shield (worn)
 e - a scarf of repulsion (worn)
 k - a +0 plate armour (worn)
Jewellery
 i - an uncursed ring of poison resistance {unknown}
Scrolls
 g - 2 scrolls of blinking {unknown}
 j - 3 scrolls of identify {unknown}
 m - a scroll of enchant armour {unknown}
 n - a scroll of remove curse {unknown}
 p - a scroll of random uselessness {unknown}
 q - a scroll of fog {unknown}
Potions
 d - 2 potions of might
 h - a potion of cancellation {unknown}
 l - 2 potions of brilliance {unknown}
Comestibles
 f - 3 rations


   Skills:
 * Level 5.1 Fighting
 * Level 4.5 Axes
 + Level 3.9 Armour
 + Level 3.9 Shields


You had 4 spell levels left.
You didn't know any spells.
Your spell library was empty.

Dungeon Overview and Level Annotations

Branches:
Dungeon (3/15)

Altars:
Fedhas
Kikubaaqudgha
Wu Jian
Lugonu


Message History

You block the ancient zyme's attack.
You barely miss the ancient zyme. The ancient zyme hits you!
* * * LOW HITPOINT WARNING * * *
The ancient zyme hits you.
* * * LOW HITPOINT WARNING * * *
You hit the ancient zyme.
The ancient zyme is lightly damaged.
The ancient zyme hits you.
* * * LOW HITPOINT WARNING * * *
You block the ancient zyme's attack. You block the hobgoblin's attack.
The ancient zyme hits you.
* * * LOW HITPOINT WARNING * * *
The ancient zyme hits you.
* * * LOW HITPOINT WARNING * * *
You slash the ancient zyme!
The ancient zyme is lightly damaged.
You hit the hobgoblin.
The hobgoblin hits you but does no damage.
The ancient zyme hits you!
You die...

<..###..............
...........<.......
#.............#. #
#...###########
#.##.### #.)....#
#.†.#### #....# ♣♣♣♣
....... ♣♣g@♣
....... ♣.x♣♣
........ ♣♣..♣
........ ♣..♣♣
####### ..#######
♣.♣♣ ########......
♣.♣ #...xg[..#####
♣.♣ #g#####..#....
♣♣.♣ #x# #.w##.._
♣..♣♣ #.# #.xP....


You could see an ancient zyme and a hobgoblin.

Vanquished Creatures
  Terence (D:3)
  A worker ant (D:3)
  3 adders
  2 oozes
  2 worms (D:2)
  A dart slug (D:2)
  2 ball pythons
  8 bats
  5 giant cockroaches
  6 hobgoblins
  2 quokkas (D:2)
  A frilled lizard (D:1)
  6 goblins
  9 kobolds
  5 rats
54 creatures vanquished.

Notes
Turn   | Place    | Note
-------+----------+-------------------------------------------
     0 | D:1      | Martska the Hill Orc Fighter began the quest for the Orb.
     0 | D:1      | Reached XP level 1. HP: 19/19 MP: 1/1
    87 | D:1      | Reached XP level 2. HP: 27/27 MP: 2/2
   195 | D:1      | Reached skill level 4 in Fighting
   619 | D:2      | Reached XP level 3. HP: 16/33 MP: 3/3
   625 | D:2      | Found an ornate altar of the Wu Jian Council.
   971 | D:2      | Reached XP level 4. HP: 41/41 MP: 4/4
  1338 | D:2      | Found a faded altar of an unknown god.
  1463 | D:2      | Became a worshipper of Lugonu the Unformed
  1463 | D:2      | Reached * piety under Lugonu
  1463 | D:2      | Reached ** piety under Lugonu
  1469 | D:2      | Fell from the grace of Lugonu
  1527 | D:3      | Noticed Terence
  1544 | D:3      | Killed Terence
  1544 | D:3      | Reached XP level 5. HP: 20/47 MP: 5/5
  1545 | D:3      | Reached skill level 5 in Fighting
  1577 | D:3      | Found an ancient bone altar of Kikubaaqudgha.
  1578 | D:3      | Noticed an ancient zyme
  1605 | D:3      | Found a blossoming altar of Fedhas.
  1615 | D:3      | Mangled by an ancient zyme

Skill      XL: |  1  2  3  4  5 |
---------------+----------------+-----
Axes           | 3 4 |  4.5
Fighting       | 4 5 |  5.1
Armour         | |  3.9
Shields        | |  3.9

Action                   |  1- 3 |  4- 6 || total
-------------------------+-------+-------++-------
Melee: War axe           |    63 |    91 ||   154
Invok: Renounce Religion |       |     1 ||     1
  Eat: Chunk             |       |     2 ||     2
Armor: Scale mail        |    16 |       ||    16
       Plate armour      |    37 |    81 ||   118
Dodge: Dodged            |    18 |    12 ||    30
       Deflected         |       |     2 ||     2
Block: Shield            |    43 |    72 ||   115
